 Dungeon Crawl Stone Soup version 0.21-a0-157-gb89e0e2 (webtiles) character file.

128 Goblin1989 the Ruffian (level 4, -4/36 HPs)
             Began as a Centaur Transmuter on Aug 4, 2017.
             Was an Initiate of Cheibriados.
             Slain by a goblin
             ... wielding a +0 club
             ... led by Robin
              (7 damage)
             ... on level 2 of the Dungeon.
             The game lasted 00:04:53 (2720 turns).

Goblin1989 the Ruffian (Centaur Transmuter)         Turns: 2720, Time: 00:04:54

Health: -4/36      AC:  6    Str: 15    XL:     4   Next: 86%
Magic:  6/6        EV:  7    Int: 13    God:    Cheibriados [......]
Gold:   96         SH:  0    Dex: 10    Spells: 5/6 levels left

rFire    . . .     SeeInvis .     - Unarmed
rCold    . . .     Gourm    .   (no shield)
rNeg     . . .     Faith    .   j - +0 scale mail (curse)
rPois    .         Spirit   .   (no helmet)
rElec    .         Reflect  .   (no cloak)
rCorr    .         Harm     .   (no gloves)
MR       .....                  (no barding)
Stlth    ..........             (no amulet)
HPRegen  0.12/turn              x - ring of stealth
MPRegen  0.10/turn              (no ring)

@: no status effects
A: hooves 3, deformed body, speed 2, tough skin 3
a: Bend Time, Renounce Religion


You were on level 2 of the Dungeon.
You worshipped Cheibriados.
Cheibriados was noncommittal.
You were not hungry.

You visited 1 branch of the dungeon, and saw 3 of its levels.

You collected 96 gold pieces.

Inventory:

Missiles
 a - 12 arrows
Armour
 j - a cursed +0 scale mail (worn)
Jewellery
 o - an uncursed ring of fire
 x - a ring of stealth (left hand)
Scrolls
 h - a scroll of teleportation {unknown}
 m - a scroll of noise {unknown}
 r - a scroll of recharging {unknown}
 y - a scroll of identify {unknown}
Potions
 i - 2 potions of might {unknown}
 l - a potion of curing {unknown}
 q - a potion of heal wounds {unknown}
Books
 c - a book of Changes

   Spells                             Type                      Level
   a - Beastly Appendage              Transmutation                1
   b - Sticks to Snakes               Transmutation                2
   c - Spider Form                    Transmutation/Poison         3
   d - Ice Form                       Ice/Transmutation            4
   e - Blade Hands                    Transmutation                5
Comestibles
 e - 2 bread rations {@e1}
 g - 4 fruits
 n - a royal jelly
 z - 3 chunks of flesh


   Skills:
 + Level 1.8 Fighting
 + Level 1.2 Armour
 + Level 2.1 Dodging
 * Level 4.4 Unarmed Combat
 - Level 1.5 Spellcasting
 - Level 1.7 Transmutations


You had 5 spell levels left.
You knew the following spells:

 Your Spells              Type           Power        Failure   Level  Hunger
a - Beastly Appendage     Tmut           #.....       45%         1    ##.....


Dungeon Overview and Level Annotations

Branches:
Dungeon (3/15)

Altars:
Cheibriados
Elyvilon
Nemelex Xobeh


Innate Abilities, Weirdness & Mutations

You have hooves in place of feet.
Armour fits poorly on your strangely shaped body.
You cover ground very quickly.
You have extremely tough skin. (AC +3)


Message History

The goblin hits you but does no damage.
You hit the goblin.
You kill the goblin!
You hit the hobgoblin but do no damage. The hobgoblin closely misses you.
You hit the hobgoblin.
The hobgoblin is lightly wounded.
The hobgoblin hits you but does no damage.
You punch the hobgoblin!
You kill the hobgoblin!
No target in view!
No target in view!
No target in view!
No target in view!
No target in view!
No target in view!
No target in view!
No target in view!
No target in view!
No target in view!
No target in view!
No target in view!
No target in view!
No target in view!
No target in view!
No target in view!
No target in view!
No target in view!
No target in view!
No target in view!
No target in view!
You climb downwards.
Level annotation: Robin The goblin hits you with a club.
Robin says, "My goblins will feast on your bones."
Robin hits you but does no damage.
The goblin hits you but does no damage. x2
There is a stone staircase leading up here.
You take 2 damage, and have 29/36 hp.
The goblin hits you but does no damage. Robin throws the goblin at you!
The hobgoblin hits you but does no damage.
The hobgoblin closely misses you. The goblin barely misses you.
You climb upwards.
There is a stone staircase leading down here.
Unknown command.
You hit Robin. You kick Robin, but do no damage.
Robin is lightly wounded.
The goblin hits you but does no damage. Robin hits you but does no damage.
You hit Robin but do no damage. You kick Robin, but do no damage.
Robin is lightly wounded.
The goblin completely misses you. Robin barely misses you.
You hit Robin. Your kick misses Robin.
Robin is heavily wounded.
The goblin hits you but does no damage. Robin barely misses you.
You closely miss Robin. You kick Robin, but do no damage.
Robin is heavily wounded.
The goblin hits you but does no damage.
You hit Robin.
Robin is severely wounded.
Robin hits you but does no damage. The goblin barely misses you.
You hit Robin. You kick Robin, but do no damage.
Robin is almost dead.
Robin roars a battlecry!
The goblins go into a battle-frenzy!
You hit Robin.
You kill Robin!
The goblin hits you with a club.
You take 4 damage, and have 26/36 hp.
You closely miss the hobgoblin. The goblin hits you but does no damage.
The hobgoblin hits you with a club.
You take 4 damage, and have 22/36 hp.
You hit the hobgoblin but do no damage. Your kick misses the hobgoblin.
The goblin hits you but does no damage. The hobgoblin hits you with a club.
You take 1 damage, and have 21/36 hp.
You closely miss the hobgoblin. The goblin hits you but does no damage.
The hobgoblin hits you with a club!
* * * LOW HITPOINT WARNING * * *
You take 7 damage, and have 14/36 hp.
You barely miss the hobgoblin. The hobgoblin hits you with a club.
* * * LOW HITPOINT WARNING * * *
The goblin hits you with a club.
* * * LOW HITPOINT WARNING * * *
You take 8 damage, and have 6/36 hp.
MASSIVE DAMAGE!!
You hit the hobgoblin.
You kill the hobgoblin!
Your scale mail prevents you from hitting the hobgoblin.
The goblin barely misses you.
You barely miss the hobgoblin. The hobgoblin hits you with a club.
* * * LOW HITPOINT WARNING * * *
The goblin barely misses you.
You take 4 damage, and have 3/36 hp.
You hit the hobgoblin but do no damage. Your kick misses the hobgoblin.
The hobgoblin hits you but does no damage.
The goblin hits you but does no damage.
You hit the hobgoblin. You kick the hobgoblin.
The hobgoblin is almost dead.
The hobgoblin hits you but does no damage.
The goblin hits you but does no damage.
You hit the hobgoblin.
You kill the hobgoblin!
The goblin hits you with a club!
You die...

███ ██.██ ██.█.██
█.███.██████████ .██
██.........█
█.███..█.█████.█
██.█.█.█.█ █.██████████
███.██.█.█ █.)@gg.....█
.......█.█ █.████████.█
...█.....█████.████ █.█
██.....██.........█████.█
█.██..██.███████.......█
██.██..██.█ █.(██████
...██..██.█ █^.█
█████.....█ █..█
)......██.█ █..█


You could see 2 goblins.

Vanquished Creatures
  Terence (D:3)
  Robin (D:2)
  4 adders
  A worm (D:2)
  2 dart slugs (D:2)
  A leopard gecko (D:2)
  3 giant cockroaches
  5 goblins
  10 hobgoblins
  3 bats
  5 frilled lizards
  5 kobolds
  12 rats
53 creatures vanquished.

Vanquished Creatures (others)
  2 adders (D:2)
  A bat (D:2)
  A giant cockroach (D:2)
  A goblin (D:3)
5 creatures vanquished.

Grand Total: 58 creatures vanquished

Notes
Turn   | Place    | Note
-------+----------+-------------------------------------------
     0 | D:1      | Goblin1989 the Centaur Transmuter began the quest for the Orb.
     0 | D:1      | Reached XP level 1. HP: 16/16 MP: 3/3
   299 | D:1      | Reached XP level 2. HP: 15/23 MP: 4/4
  1239 | D:2      | Found a white marble altar of Elyvilon.
  1360 | D:2      | Found a sparkling altar of Nemelex Xobeh.
  1411 | D:2      | Reached XP level 3. HP: 21/28 MP: 5/5
  1566 | D:2      | Reached skill level 4 in Unarmed Combat
  1567 | D:2      | Found a snail-covered altar of Cheibriados.
  1580 | D:2      | Became a worshipper of Cheibriados the Contemplative
  2230 | D:2      | Reached XP level 4. HP: 15/35 MP: 6/6
  2550 | D:3      | Noticed Terence
  2560 | D:3      | Killed Terence
  2589 | D:3      | Reached skill level 1 in Armour
  2595 | D:3      | Noticed a two-headed ogre
  2689 | D:3      | Noticed Robin
  2710 | D:2      | Killed Robin
  2720 | D:2      | Slain by a goblin

Vault maps used:
D:1:      dpeg_arrival_tiny_j
D:2:      kennysheep_slug_shrine, nemelex_xobeh_ov_fountains_minmay,
          elyvilon_altar_4, lemuel_old_faithful
D:3:      first_bread, uniq_terence, uniq_robin

Skill      XL: |  1  2  3  4 |
---------------+-------------+-----
Unarmed Combat | 4 |  4.4
Armour         | 1 |  1.2
Dodging        | 2 |  2.1
Fighting       | |  1.8
Spellcasting   | |  1.5
Transmutations | |  1.7

Action                   |  1- 3 |  4- 6 || total
-------------------------+-------+-------++-------
Melee: Unarmed           |   145 |    51 ||   196
       Kick              |    23 |    13 ||    36
  Eat: Chunk             |     3 |     2 ||     5
Armor: Robe              |    11 |       ||    11
       Scale mail        |    42 |    52 ||    94
Dodge: Dodged            |    38 |    33 ||    71

Vault maps used:
D:1:      dpeg_arrival_tiny_j
D:2:      kennysheep_slug_shrine, nemelex_xobeh_ov_fountains_minmay,
          elyvilon_altar_4, lemuel_old_faithful
D:3:      first_bread, uniq_terence, uniq_robin
